 Dungeon Crawl Stone Soup version 0.27-a0-1206-g6342a01c75 (webtiles) character file.

Game seed: 18363895392823722434

35 LennartNight the Poker (level 3, 27/27 HPs)
             Began as a Merfolk Gladiator on Dec 16, 2020.
             Quit the game on level 1 of the Dungeon on Apr 8, 2022.
             The game lasted 00:08:33 (785 turns).

LennartNight the Poker (Merfolk Gladiator)           Turns: 785, Time: 00:08:34

Health: 27/27      AC:  4    Str: 14    XL:     3   Next: 33%
Magic:  3/3        EV: 14    Int:  7    God:
Gold:   52         SH:  0    Dex: 16    Spells: 2/2 levels left

rFire    . . .     SeeInvis .   a - +0 trident
rCold    . . .     Faith    .   (no shield)
rNeg     . . .     Spirit   .   b - +0 leather armour
rPois    .         Reflect  .   c - +0 helmet
rElec    .         Harm     .   (no cloak)
rCorr    .         Rampage  .   (no gloves)
Will     .....                  (no boots)
Stlth    +.........             (no amulet)
HPRegen  0.09/turn              (no ring)
MPRegen  0.08/turn              (no ring)

@: no status effects
A: (nimble swimmer 2), mertail
a: no special abilities


You were on level 1 of the Dungeon.
You visited 1 branch of the dungeon, and saw 1 of its levels.

You collected 52 gold pieces.

Inventory:

Hand Weapons
 a - a +0 trident (weapon)
 e - a +0 mace of draining
 g - a +0 dagger
Missiles
 d - 3 throwing nets (quivered)
Armour
 b - a +0 leather armour (worn)
 c - a +0 helmet (worn)
 f - a +0 leather armour
 m - a +2 chain mail of willpower
Jewellery
 k - a ring of stealth
 l - a ring of see invisible {unknown}
Scrolls
 h - a scroll of teleportation {unknown}
 i - a scroll of identify {unknown}
Potions
 j - a potion of heal wounds {unknown}


   Skills:
 + Level 2.3 Fighting
 + Level 5.3 Polearms
 + Level 2.0 Throwing
 + Level 4.9 Dodging
 + Level 0.2 Stealth


You had 2 spell levels left.
You didn't know any spells.
Your spell library was empty.

Dungeon Overview and Level Annotations

Branches:
Dungeon (1/15)

Altars:


Innate Abilities, Weirdness & Mutations

((You are quick and stealthy near water. (Stealth+, EV+, Speed+++)))
Your lower body shifts to a powerful aquatic tail in water.


Message History

The goblin hits you.
You hit the goblin.
You kill the goblin!
You reach to attack!
You hit the hobgoblin but do no damage. You puncture the hobgoblin!
You kill the hobgoblin!
No target in view!
You see here a +0 club.
k - a shiny emerald ring You see here a +0 club.
You now have 52 gold pieces (gained 17).
A leopard gecko comes into view.
The leopard gecko hisses angrily.
You see here a tubular moonstone ring.
l - a tubular moonstone ring A leopard gecko is nearby!
Found 12 poisoned darts.
You reach to attack!
You hit the leopard gecko.
You kill the leopard gecko!
No target in view!
Found a shiny chain mail.
You see here a shiny chain mail.
m - a shiny chain mail Saving game... please wait.
Welcome back, LennartNight the Merfolk Gladiator.
Press ? for a list of commands and other information.
No target in view!
You open the door.
There is an open door here.
Done exploring.
Done exploring.
Done exploring.
There is a stone staircase leading down here.
Unknown command.
There is a stone staircase leading down here.
Unknown command.
Welcome back, LennartNight the Merfolk Gladiator.
Press ? for a list of commands and other information.
Unknown command.
Are you sure you want to abandon this character and quit the game? (Confirm with "yes".)

### ### #.# ####.###.#
#........# #####.##..##
#######..........#
................@###
#######.######.....#
#######.# #.....#
...#....# ###....#
...#.#### #......#
...#.########.###..####
...'..................#
...#..#.#.#.#........##
...#..#.#...####..####


There were no monsters in sight!

Vanquished Creatures
  A dart slug (D:1)
  3 removed leopard geckos (D:1)
  6 bats (D:1)
  3 giant cockroaches (D:1)
  4 goblins (D:1)
  2 hobgoblins (D:1)
  4 kobolds (D:1)
  A ball python (D:1)
  A frilled lizard (D:1)
  2 rats (D:1)
27 creatures vanquished.

Notes
Turn   | Place    | Note
-------+----------+-------------------------------------------
     0 | D:1      | LennartNight the Merfolk Gladiator began the quest for the
                  | Orb.
     0 | D:1      | Reached XP level 1. HP: 16/16 MP: 1/1
   224 | D:1      | Reached XP level 2. HP: 22/22 MP: 2/2
   283 | D:1      | Reached skill level 5 in Polearms
   433 | D:1      | Reached XP level 3. HP: 22/27 MP: 3/3
   614 | D:1      | Upgraded the game from 0.26-a0-1106-g6dfc622489 to
                  | 0.27-a0-1206-g6342a01c75
   785 | D:1      | Quit the game

Illustrated notes

Levels and vault maps discovered:
D:1:      minmay_arrival_five_plusses, layout_basic, minmay_octomino_e4

Skill      XL: |  1  2 |
---------------+-------+-----
Polearms       | 5 |  5.3
Fighting       | |  2.3
Throwing       | |  2.0
Dodging        | |  4.9
Stealth        | |  0.2

Action                   || total
-------------------------++-------
Melee: Trident           ||    86
Armor: Leather armour    ||    19
Dodge: Dodged            ||    45

Table legend: (Time is in decaauts)
 A = Elapsed time spent in this place.
 B = Non-inter-level travel time spent in this place.
 C = Inter-level travel time spent in this place.
 D = Time resting spent in this place.
 E = Time spent auto-exploring this place.
 F = Levels seen in this place.
 G = Mean time per level.
                   A        B        C        D        E       F      G
               +--------+--------+--------+--------+--------+-----+--------+
         Total |    790 |    778 |     12 |     75 |    418 |   1 |  790.0 |
       Dungeon |    790 |    778 |     12 |     75 |    418 |   1 |  790.0 |
               +--------+--------+--------+--------+--------+-----+--------+

Top non-repeatable levels by time:
     D:1: 790 daAuts
